 Dungeon Crawl Stone Soup version 0.31-a0-1178-gc5c9b8f871 (webtiles) character file.

Game seed: 7843062634419461288

15 jt the Slasher (level 2, 0/19 HPs)
             Began as an Octopode Reaver on Dec 11, 2023.
             Slain by a +3 spectral club (3 damage)
             ... created by Jessica
             ... on level 2 of the Dungeon.
             The game lasted 00:01:32 (990 turns).

jt the Slasher (Octopode Reaver)                     Turns: 990, Time: 00:01:33

Health: 0/19       AC:  1    Str: 11    XL:     2   Next: 50%
Magic:  5/5        EV: 13    Int: 15    God:
Gold:   47         SH:  5    Dex: 10    Spells: 4/5 levels left

rFire   . . .        a - +0 falchion
rCold   . . .        (no shield)
rNeg    . . .        (helmet restricted)
rPois   .            d - amulet of reflection
rElec   .            (no ring)
rCorr   .            (no ring)
SInv    .            (no ring)
Will    .....        (no ring)
Stlth   +++          (no ring)
HPRegen 0.23/turn    (no ring)
MPRegen 0.09/turn    (no ring)
                     (no ring)

%: reflection
@: hasted, very quick
A: almost no armour, amphibious, 8 rings, camouflage 1, gelatinous body 1,
(nimble swimmer 1), tentacles
a: no special abilities


You were on level 2 of the Dungeon.
You visited 1 branch of the dungeon, and saw 2 of its levels.

You collected 47 gold pieces.

Inventory:

Hand Weapons
 a - a +0 falchion (weapon)
 b - a +0 spear
Missiles
 k - 2 stones
Jewellery
 d - an amulet of reflection (around mantle)
 f - a +6 ring of dexterity
Talismans
 c - a flux talisman
Scrolls
 g - a scroll of teleportation {unknown}
 h - a scroll of identify {unknown}
 l - 2 scrolls of vulnerability {unknown}
Potions
 i - a potion of curing {unknown}
 j - a potion of magic {unknown}


   Skills:
 + Level 2.2 Fighting
 + Level 3.1 Long Blades
 + Level 2.2 Dodging
 - Level 2.0 Stealth
 - Level 2.0 Spellcasting
 - Level 3.0 Conjurations


You had 4 spell levels left.
You knew the following spells:

 Your Spells              Type           Power      Damage    Failure   Level
a - Kiss of Death         Conj/Necr      24%        2d7       12%         1

Your spell library contained the following spells:

 Spells                   Type           Power      Damage    Failure   Level
 Momentum Strike          Conj/Tloc      12%        3d8       19%         2
 Hailstorm                Conj/Ice       6%         3d5       34%         3


Dungeon Overview and Level Annotations

Branches:
Dungeon (2/15)

Altars:

Annotations:
D:1 need digging
D:2 Jessica


Innate Abilities, Weirdness & Mutations

You cannot wear most types of armour.
You are amphibious.
You can wear up to eight rings at the same time.
Your skin changes colour to match your surroundings (Stealth+).
Your rubbery body absorbs attacks. (AC +1, EV +1)
((You are camouflaged when in or above water. (Stealth+)))
You have tentacles for arms and can constrict up to eight enemies at once.


Message History

You kill the endoplasm!
A goblin comes into view. It is wielding a +0 club.
Found a stone staircase leading down.
The goblin barely misses you.
You closely miss the goblin. Your grab misses the goblin.
You squeeze the goblin.
The goblin is severely wounded.
The goblin hits you with a +0 club.
You hit the goblin.
You kill the goblin!
HP restored.
A dart slug comes into view.
Found 10 gold pieces.
A frilled lizard comes into view.
The helpless dart slug fails to defend itself.
You slash the dart slug! You grab the dart slug. You squeeze the dart slug.
You kill the dart slug!
You now have 47 gold pieces (gained 10).
Jessica and an adder come into view.
Jessica is wielding a +3 spectral club and carrying a wand of flame.
Found a pink potion.
An adder comes into view.
The frilled lizard hisses angrily.
The adder hisses angrily.
Jessica shouts!
The adder hisses angrily.
Jessica gestures wildly while chanting.
Jessica seems to speed up.
The frilled lizard barely misses you. The adder closely misses you.
You closely miss the adder. Your grab misses the adder.
Jessica grins evilly.
Jessica gestures wildly while chanting.
Jessica blinks!
The frilled lizard misses you.
Jessica zaps a wand.
The puff of flame hits you!
Ouch! That really hurt!
The adder completely misses you.
It was a potion of haste.
You feel yourself speed up. The adder bites you but does no damage.
The frilled lizard bites you. The adder misses you. The adder bites you.
* * * LOW HITPOINT WARNING * * *
You block Jessica's attack. The +3 spectral club hits you.
You die...

##### ### ##... #!..
#...##### ###
#....#..(@S..#### ###..
#.......S@l...... .>.#
....##.#..#.#### # #.## #
#.##.# #.##.## #.##.#
#...... ######.##.#
#######.## #.......#.#
#......... #.####..#.###
#.#####.## ##.####......#
#.#.......
........##.#.####.#......#


You could see a +3 spectral club (wandering), 2 adders, Jessica (fast) and a
frilled lizard.

Vanquished Creatures
  3 dart slugs
  An endoplasm (D:2)
  A goblin (D:2)
  A hobgoblin (D:1)
  A kobold (D:1)
  2 rats (D:1)
9 creatures vanquished.

Notes
Turn   | Place    | Note
-------+----------+-------------------------------------------
     0 | D:1      | jt the Octopode Reaver began the quest for the Orb.
     0 | D:1      | Reached XP level 1. HP: 14/14 MP: 3/3
   319 | D:1      | Reached skill level 1 in Stealth
   627 | D:1      | Reached XP level 2. HP: 19/19 MP: 5/5
   986 | D:2      | Noticed Jessica
   990 | D:2      | Slain by a +3 spectral club

Illustrated notes

Levels and vault maps discovered:
D:1:      heliophobic_arrival_henge, layout_basic, minmay_statues_item,
          corexii_leaking_fountain, solitary_fountain
D:2:      layout_basic, shapermc_ecumenical_altar_notcrosses, uniq_jessica

Skill      XL: |  1 |
---------------+----+-----
Stealth        | 2 |  2.0
Fighting       | |  2.2
Long Blades    | |  3.1
Dodging        | |  2.2
Spellcasting   | |  2.0
Conjurations   | |  3.0

Action                     || total
---------------------------++-------
  Melee: Falchion          ||    17
         Constrict         ||     6
         Tentacles         ||     6
    Use: Potion            ||     1
   Stab: Sleeping          ||     4
 Armour: Skin              ||     8
  Dodge: Dodged            ||    10
  Block: Other             ||     3

Table legend: (Time is in decaauts)
 A = Elapsed time spent in this place.
 B = Non-inter-level travel time spent in this place.
 C = Inter-level travel time spent in this place.
 D = Time resting spent in this place.
 E = Time spent auto-exploring this place.
 F = Levels seen in this place.
 G = Mean time per level.
                   A        B        C        D        E       F      G
               +--------+--------+--------+--------+--------+-----+--------+
         Total |    992 |    961 |     31 |      0 |    805 |   2 |  496.0 |
       Dungeon |    992 |    961 |     31 |      0 |    805 |   2 |  496.0 |
               +--------+--------+--------+--------+--------+-----+--------+

Top non-repeatable levels by time:
     D:1: 858 daAuts
     D:2: 133 daAuts
